 Dungeon Crawl Stone Soup version 0.25.0-9-g26727b657a (webtiles) character file.

Game seed: 2121408926025900696

174 Flugkiller the Chopper (level 5, -21/49 HPs)
             Began as a Deep Dwarf Fighter on June 20, 2020.
             Blown up by Ijyb (31 damage)
             ... with a disintegration bolt
             ... on level 4 of the Dungeon.
             The game lasted 00:00:33 (597 turns).

Flugkiller the Chopper (Deep Dwarf Fighter)          Turns: 597, Time: 00:00:34

Health: -21/49     AC:  7    Str: 20    XL:     5   Next: 28%
Magic:  5/5        EV:  7    Int:  9    God:
Gold:   93         SH:  9    Dex: 12    Spells: 4/4 levels left

rFire    . . .     SeeInvis .   a - +0 war axe
rCold    . . .     Gourm    .   c - +0 kite shield
rNeg     . . .     Faith    .   b - +0 scale mail
rPois    .         Spirit   .   (no helmet)
rElec    .         Reflect  .   (no cloak)
rCorr    .         Harm     .   (no gloves)
MR       .....                  (no boots)
Stlth    ..........             (no amulet)
HPRegen  0.00/turn              (no ring)
MPRegen  0.09/turn              (no ring)

@: non-regenerating, slowed, very slow
A: damage resistance, heal wounds, sense surroundings 1, no regeneration
a: Heal Wounds


You were on level 4 of the Dungeon.
You were not hungry.

You visited 1 branch of the dungeon, and saw 4 of its levels.

You collected 93 gold pieces.

Inventory:

Hand Weapons
 a - a +0 war axe (weapon)
Armour
 b - a +0 scale mail (worn)
 c - a +0 kite shield (worn)
Scrolls
 f - 2 scrolls of amnesia {unknown}
 j - a scroll of blinking {unknown}
 k - 6 scrolls of identify {unknown}
 n - a scroll of teleportation {unknown}
Potions
 d - a potion of might
 g - a potion of heal wounds {unknown}
 i - a potion of lignification {unknown}
 l - a potion of curing {unknown}
 m - a potion of invisibility {unknown}
 o - a potion of flight {unknown}
Comestibles
 e - 5 rations
 h - 11 chunks of flesh


   Skills:
 + Level 3.4 Fighting
 * Level 4.2 Axes
 + Level 4.1 Armour
 + Level 4.1 Shields


You had 4 spell levels left.
You didn't know any spells.
Your spell library was empty.

Dungeon Overview and Level Annotations

Branches:
Dungeon (4/15)
 Temple: D:4-7

Altars:

Annotations:
D:4 Ijyb


Innate Abilities, Weirdness & Mutations

You are resistant to damage.
You can heal yourself by infusing magical energy.
You passively map a small area around you.
You do not regenerate.


Message History

There are monsters nearby!
You slash the howler monkey!
You kill the howler monkey!
You closely miss Ijyb. Ijyb screams, "I no like you!" You block Ijyb's attack.
Ijyb hits you but does no damage.
You barely miss Ijyb.
Ijyb is lightly wounded.
You block Ijyb's attack.
Ijyb zaps a wand.
You are blasted!
Ouch! That really hurt!
* * * LOW HITPOINT WARNING * * *
You closely miss Ijyb.
Ijyb is lightly wounded.
An orc wizard comes into view. It is wielding a +0 dagger of speed.
You block Ijyb's attack.
The orc wizard gestures at you while chanting.
The magic dart hits you but does no damage.
Ijyb zaps a wand.
You are blasted!
Ouch! That really hurt!
You die...

.#.#.............#..#.#.
,
.<.................##.#.
.........†......... #.#.
≈ * ..................
#.#. .#...............
#.#. ,
,#..............(, #...
8 #............... )..
#....g$....$.... *
##....@/$....... , ,
##..........o. ,,
#.#.#########* , *
*#.... , , ......
,/..(..#* * ** ,
#.....,, .%... , *


You could see Ijyb and an orc wizard.

Vanquished Creatures
  A howler monkey (D:4)
  A jelly (D:3)
  Natasha (twice) (D:4)
  A hound skeleton (D:4)
  An ooze (D:1)
  A dart slug (D:1)
  2 leopard geckos (D:1)
  2 bats (D:1)
  2 giant cockroaches (D:3)
  11 goblins
  6 hobgoblins
  2 kobolds (D:1)
  A frilled lizard (D:2)
  4 rats
37 creatures vanquished.

Vanquished Creatures (others)
  2 toadstools (D:4)
2 creatures vanquished.

Grand Total: 39 creatures vanquished

Notes
Turn   | Place    | Note
-------+----------+-------------------------------------------
     0 | D:1      | Flugkiller the Deep Dwarf Fighter began the quest for the
                  | Orb.
     0 | D:1      | Reached XP level 1. HP: 20/20 MP: 1/1
   110 | D:1      | Reached XP level 2. HP: 24/27 MP: 2/2
   379 | D:3      | Reached XP level 3. HP: 25/34 MP: 3/3
   453 | D:4      | Reached XP level 4. HP: 31/42 MP: 4/4
   554 | D:4      | Noticed Natasha
   561 | D:4      | Killed Natasha
   566 | D:4      | Noticed Natasha
   572 | D:4      | Killed Natasha
   572 | D:4      | Reached XP level 5. HP: 49/49 MP: 5/5
   587 | D:4      | Noticed Ijyb
   597 | D:4      | Blown up by Ijyb

Illustrated notes

Levels and vault maps discovered:
D:1:      saegor_arrival_simple_a, layout_loops_ring
D:2:      layout_loops_ring, first_ration
D:3:      layout_loops_ring
D:4:      cheibrodos_greedy_goblins, layout_rooms, kennysheep_okawaru_gauntlet,
          chequers_temple_overflow_minitemple, minmay_gold_behind_fungi,
          uniq_natasha, uniq_ijyb

Skill      XL: |  1  2  3  4 |
---------------+-------------+-----
Axes           | 3 4 |  4.2
Fighting       | 3 |  3.4
Armour         | 4 |  4.1
Shields        | 4 |  4.1

Action                   |  1- 3 |  4- 6 || total
-------------------------+-------+-------++-------
Melee: War axe           |    73 |    43 ||   116
 Abil: Heal Wounds       |       |     1 ||     1
Armor: Scale mail        |    39 |    11 ||    50
Dodge: Dodged            |    20 |    15 ||    35
Block: Kite shield       |    37 |    23 ||    60
